 Dungeon Crawl Stone Soup version 0.30-a0-1114-gd936c97349 (webtiles) character file.

Game seed: 8492159156344401981

551 themarg the Summoner (level 7, -6/46 HPs)
             Began as a Merfolk Summoner on Apr 20, 2023.
             Mangled by a gnoll
             ... wielding a +0 flail
             ... led by a gnoll bouda
              (13 damage)
             ... on level 5 of the Dungeon.
             The game lasted 00:11:08 (4389 turns).

themarg the Summoner (Merfolk Summoner)             Turns: 4389, Time: 00:11:09

Health: -6/46      AC:  3    Str:  8    XL:     7   Next: 29%
Magic:  2/10       EV: 12    Int: 16    God:
Gold:   217        SH:  0    Dex: 15    Spells: 4/10 levels left

rFire   . . .      SeeInvis .    q - +0 trident
rCold   . . .      Faith    .    (no shield)
rNeg    . . .      Spirit   .    a - +0 robe
rPois   .          Reflect  .    (no helmet)
rElec   .          Rampage  .    w - +0 cloak
rCorr   .                        (no gloves)
Will    .....                    (no boots)
Stlth   ++                       (no amulet)
HPRegen 0.27/turn                (no ring)
MPRegen 0.12/turn                (no ring)

@: no status effects
A: (nimble swimmer 2), mertail
a: no special abilities


You were on level 5 of the Dungeon.
You visited 1 branch of the dungeon, and saw 5 of its levels.

You collected 250 gold pieces.
You spent 33 gold pieces at shops.

Inventory:

Hand Weapons
 q - a +0 trident (weapon)
Missiles
 c - 49 stones
 e - 13 poisoned darts (quivered)
 o - 2 throwing nets
Armour
 a - a +0 robe (worn)
 u - a +0 buckler
 w - a +0 cloak (worn)
Jewellery
 x - a ring of resist corrosion
Scrolls
 d - a scroll of brand weapon {unknown}
 g - a scroll of enchant armour {unknown}
 i - a scroll of blinking {unknown}
 j - a scroll of immolation {unknown}
 m - a scroll of fog {unknown}
 n - 2 scrolls of teleportation {unknown}
 s - 2 scrolls of noise {unknown}
 t - a scroll of amnesia {unknown}
 y - a scroll of identify {unknown}
Potions
 b - a potion of magic
 f - a potion of haste {unknown}
 h - 2 potions of curing
 k - 2 potions of lignification {unknown}
 l - a potion of heal wounds {unknown}
 p - a potion of brilliance {unknown}
 r - a potion of degeneration {unknown}
 v - a potion of might {unknown}


   Skills:
 - Level 2.6 Dodging
 - Level 3.0 Stealth
 - Level 2.0 Spellcasting
 + Level 8.4 Summonings


You had 4 spell levels left.
You knew the following spells:

 Your Spells              Type           Power      Damage    Failure   Level
a - Summon Small Mammal   Summ           100%       N/A       1%          1
b - Call Imp              Summ           56%        N/A       1%          2
c - Call Canine Familiar  Summ           28%        N/A       1%          3

Your spell library contained the following spells:

 Spells                   Type           Power      Damage    Failure   Level
 Summon Guardian Golem    Hex/Summ       15%        N/A       11%         3
 Beastly Appendage        Tmut           2%         N/A       21%         1
 Scorch                   Fire           2%         2d5       30%         2
 Wereblood                Tmut           1%         N/A       30%         2
 Summon Lightning Spire   Summ/Air       15%        N/A       36%         4
 Spider Form              Tmut/Pois      1%         N/A       52%         3
 Flame Wave               Conj/Fire      1%         2d4       90%         4
 Summon Cactus Giant      Summ           14%        N/A       69%         6
 Storm Form               Tmut/Air       0%         N/A       100%        7
 Maxwell's Capacitive Co  Air            0%         ∞         100%        8


Dungeon Overview and Level Annotations

Branches:
Dungeon (5/15)
 Temple: D:4-7

Altars:
Elyvilon
Kikubaaqudgha
Qazlal
Trog
Vehumet

Shops:
D:1 !

Annotations:
D:4 Ijyb


Innate Abilities, Weirdness & Mutations

((You are very nimble when in or above water. (Stealth+, EV+, Speed+++)))
Your lower body shifts to a powerful aquatic tail in water.


Message History

Your cerulean imp dies!
Your cerulean imp disappears in a puff of smoke!
The gnoll barely misses you. x2
You hit the gnoll bouda.
The gnoll bouda is almost dead.
The gnoll bouda looks more healthy.
The gnoll bouda mumbles some strange prayers to its god.
The gnoll bouda is healed somewhat.
The gnoll closely misses you.
The gnoll hits you from afar with a +0 spear.
The gnoll bouda barely misses you. The adder attacks as you move away!
The adder bites you.
You are poisoned.
The adder poisons you!
You feel sick.
Your hound bites the gnoll bouda. x2
The gnoll bouda dies!
The gnoll closely misses you.
You closely miss the adder.
You feel sick.
The gnoll is no longer moving quickly.
Your hound bites the adder.
The adder misses you.
The gnoll hits you from afar with a +0 spear.
* * * LOW HITPOINT WARNING * * *
The gnoll hits you from afar with a +0 spear.
* * * LOW HITPOINT WARNING * * *
Your hound bites the adder.
The adder bites your hound.
You feel better.
The gnoll is no longer moving quickly.
Your hound misses the adder. The gnoll barely misses you.
The adder bites your hound.
Your hound is poisoned.
The adder poisons your hound!
The gnoll hits you from afar with a +0 spear.
* * * LOW HITPOINT WARNING * * *
The gnoll closely misses you.
You miss the adder.
The adder is severely wounded.
The gnoll is no longer moving quickly.
Your hound closely misses the adder.
The adder bites you but does no damage. The gnoll closely misses you.
Your hound barely misses the adder.
The gnoll closely misses you. x2
The adder bites you.
* * * LOW HITPOINT WARNING * * *
The gnoll hits you with a +0 flail!
You die...

# #....#..#.....#...+....'..... #
#....#..#.....#..##....###### #
#....#..#.....#..#####......#
#####....##.#.....#..#...#......#
......#####.##....#..+...#......'
......#...#..#....##+##..#......#
......'..|'..#....#..##..#.......
......#...#..#....#......#.......
......#...#..'.h@.#......'.......
......#+###..#.)Sg'......#.......
......#..##..#.gg.######+#......#
#######..##..#..................#
# #...'...#..................#
##..##..#..................#
##..##..#..(...............#
#...##..#..................#
#....#..#..)...............#


You could see 3 gnolls, an adder (ally target) and a friendly hound (summoned,
very poisoned).

Vanquished Creatures
  An ogre (D:4)
  A centaur (D:5)
  A phantom (D:5)
  An orc wizard (D:5)
  An adder (D:2)
  5 orcs
  3 ball pythons
  An endoplasm (D:3)
  2 giant cockroaches (D:3)
  3 goblins
  A hobgoblin (D:1)
  A jackal (D:4)
  3 bats
  2 frilled lizards (D:1)
  A kobold (D:2)
  2 rats (D:1)
29 creatures vanquished.

Vanquished Creatures (collateral kills)
  A hound (D:4)
  An orc priest (D:5)
  A gnoll bouda (D:5)
  4 adders
  5 gnolls (D:5)
  3 worms
  9 orcs
  4 bats
  3 endoplasms
  A giant cockroach (D:1)
  9 goblins
  3 hobgoblins
  A jackal (D:4)
  A quokka (D:5)
  6 ball pythons
  A frilled lizard (D:2)
  5 kobolds
  2 rats
60 creatures vanquished.

Vanquished Creatures (others)
  An orc wizard (D:5)
1 creature vanquished.

Grand Total: 90 creatures vanquished

Notes
Turn   | Place    | Note
-------+----------+-------------------------------------------
     0 | D:1      | themarg the Merfolk Summoner began the quest for the Orb.
     0 | D:1      | Reached XP level 1. HP: 13/13 MP: 3/3
   176 | D:1      | Reached XP level 2. HP: 19/19 MP: 3/5
   189 | D:1      | Learned a level 2 spell: Call Imp
   426 | D:1      | Found Henwai's Distillery.
   477 | D:1      | Bought a potion of curing for 33 gold pieces
   968 | D:2      | Reached XP level 3. HP: 24/24 MP: 3/6
   972 | D:2      | Learned a level 3 spell: Call Canine Familiar
  1224 | D:2      | Reached skill level 5 in Summonings
  1439 | D:2      | Found a radiant altar of Vehumet.
  1500 | D:2      | Reached XP level 4. HP: 27/30 MP: 2/7
  1783 | D:3      | Found an ancient bone altar of Kikubaaqudgha.
  1915 | D:3      | Found a white marble altar of Elyvilon.
  2382 | D:3      | Found a bloodstained altar of Trog.
  2420 | D:3      | Found a stormy altar of Qazlal.
  2545 | D:3      | Found a faded altar of an unknown god.
  2689 | D:4      | Noticed Ijyb
  2715 | D:4      | Reached XP level 5. HP: 34/35 MP: 6/8
  2781 | D:4      | Reached skill level 6 in Summonings
  3172 | D:4      | Noticed an ogre
  3184 | D:4      | Killed an ogre
  3185 | D:4      | Reached skill level 7 in Summonings
  3185 | D:4      | Reached XP level 6. HP: 25/41 MP: 3/9
  3379 | D:5      | Entered Level 5 of the Dungeon
  3620 | D:5      | Reached XP level 7. HP: 23/46 MP: 7/10
  3743 | D:5      | Reached skill level 8 in Summonings
  4389 | D:5      | Mangled by a gnoll

Illustrated notes

Levels and vault maps discovered:
D:1:      dpeg_arrival_round_c, layout_rooms, serial_shops, shop,
          grunt_decor_cap, chequers_serial_rivers_micro_c
D:2:      layout_rooms, basic_altar, nicolae_wormholes
D:3:      layout_basic, mainiacjoe_overflow_concentric_impassable,
          mainiacjoe_overflow_catwalk, mainiacjoe_overflow_boulevard,
          nicolae_qazlal_eye_of_the_storm, ebering_ecumenical_altar_box,
          minmay_crystal_water
D:4:      layout_gridville, minivault_23, uniq_ijyb
D:5:      layout_gridville

Skill      XL: |  1  2  3  4  5  6  7 |
---------------+----------------------+-----
Stealth        | 3 |  3.0
Summonings     | 5 7 8 |  8.4
Dodging        | |  2.6
Spellcasting   | |  2.0

Action                     |  1- 3 |  4- 6 |  7- 9 || total
---------------------------+-------+-------+-------++-------
  Melee: Unarmed           |     8 |       |       ||     8
         Dagger            |    32 |       |       ||    32
         Spear             |    11 |     9 |       ||    20
         Trident           |       |    76 |    17 ||    93
  Throw: Dart              |       |     3 |     1 ||     4
   Cast: Summon Small Mamm |    43 |    11 |     6 ||    60
         Call Imp          |    11 |    15 |     4 ||    30
         Call Canine Famil |     1 |    15 |     6 ||    22
    Use: Potion            |       |       |     2 ||     2
 Armour: Robe              |    13 |    12 |     5 ||    30
  Dodge: Dodged            |    41 |    70 |    15 ||   126

Table legend: (Time is in decaauts)
 A = Elapsed time spent in this place.
 B = Non-inter-level travel time spent in this place.
 C = Inter-level travel time spent in this place.
 D = Time resting spent in this place.
 E = Time spent auto-exploring this place.
 F = Levels seen in this place.
 G = Mean time per level.
                   A        B        C        D        E       F      G
               +--------+--------+--------+--------+--------+-----+--------+
         Total |   4418 |   4330 |     88 |     53 |   3464 |   5 |  883.6 |
       Dungeon |   4418 |   4330 |     88 |     53 |   3464 |   5 |  883.6 |
               +--------+--------+--------+--------+--------+-----+--------+

Top non-repeatable levels by time:
     D:5: 1022 daAuts
     D:3: 921 daAuts
     D:1: 915 daAuts
     D:4: 805 daAuts
     D:2: 754 daAuts
